 Dungeon Crawl Stone Soup version 0.30-a0-870-gc5d4c5acee (webtiles) character file.

Game seed: 15984553854664910186

37 cforsyth the Covered (level 3, -10/30 HPs)
             Began as a Barachi Fighter on Mar 12, 2023.
             Succumbed to a kobold's poison
             ... on level 2 of the Dungeon.
             The game lasted 00:00:59 (781 turns).

cforsyth the Covered (Barachi Fighter)               Turns: 781, Time: 00:00:59

Health: -10/30     AC:  7    Str: 19    XL:     3   Next: 41%
Magic:  3/3        EV:  9    Int:  8    God:
Gold:   67         SH:  4    Dex: 11    Spells: 2/2 levels left

rFire   . . .      SeeInvis +    a - +0 war axe
rCold   . . .      Faith    .    c - +0 buckler
rNeg    . . .      Spirit   .    b - +0 scale mail
rPois   .          Reflect  .    (no helmet)
rElec   .          Rampage  .    (no cloak)
rCorr   .                        (no gloves)
Will    .....                    (no boots) Stlth
                                 (no amulet)
HPRegen 0.25/turn                n - ring of see invisible
MPRegen 0.08/turn                (no ring)

@: lethally poisoned (-10 -> -51), slow
A: amphibious, slowness 1, strong legs 1, +LOS
a: Hop


You were on level 2 of the Dungeon.
You visited 1 branch of the dungeon, and saw 2 of its levels.

You collected 67 gold pieces.

Inventory:

Hand Weapons
 a - a +0 war axe (weapon)
Armour
 b - a +0 scale mail (worn)
 c - a +0 buckler (worn)
Jewellery
 n - a ring of see invisible (left hand)
Scrolls
 h - a scroll of fear {unknown}
 j - a scroll of noise {unknown}
 k - a scroll of identify {unknown}
 l - a scroll of enchant armour {unknown}
 m - a scroll of blinking {unknown}
Potions
 d - a potion of might
 e - 2 potions of attraction {unknown}
 f - a potion of ambrosia {unknown}
 g - a potion of degeneration {unknown}
 i - a potion of heal wounds {unknown}


   Skills:
 + Level 4.1 Fighting
 + Level 2.7 Axes
 + Level 4.1 Armour
 + Level 3.7 Shields


You had 2 spell levels left.
You didn't know any spells.
Your spell library was empty.

Dungeon Overview and Level Annotations

Branches:
Dungeon (2/15)

Altars:
Trog


Innate Abilities, Weirdness & Mutations

You are amphibious.
You cover ground slowly.
You can hop short distances.
You have an extended range of vision and can be seen from far away.


Message History

A quokka is nearby!
A quokka is nearby!
A kobold comes into view. It is wielding a +3 dagger of venom.
The kobold shouts!
The quokka bites you but does no damage.
You barely miss the quokka. The quokka barely misses you.
You barely miss the quokka.
The quokka bites you but does no damage. x2
You slash the quokka!
You kill the quokka!
The kobold throws a stone.
The stone hits you but does no damage.
The kobold hits you with a +3 dagger of venom.
You are poisoned.
You miss the kobold.
You feel sick. The kobold hits you but does no damage.
You are more poisoned.
The kobold hits you with a +3 dagger of venom.
You are lethally poisoned!
You closely miss the kobold.
You feel extremely sick. The kobold hits you but does no damage.
You are more poisoned.
You are too injured to fight recklessly!
You are too injured to fight recklessly!
You are too injured to fight recklessly!
You are too injured to fight recklessly!
You are too injured to fight recklessly!
You are too injured to fight recklessly!
You are too injured to fight recklessly!
You are too injured to fight recklessly!
You barely miss the kobold.
* * * LOW HITPOINT WARNING * * *
You feel extremely sick. The kobold hits you but does no damage.
You are more poisoned.
The kobold hits you with a +3 dagger of venom.
* * * LOW HITPOINT WARNING * * *
You are more poisoned.
You slash the kobold!
You kill the kobold!
You die...

####.###########
#<#.## ##.###.##
#.# ##.#
##.###.## #.#.##
#.## ##.## #.@†#
#...)....#
#.........#
##........#
##...##.## ##.##
.# ### . ##


There were no monsters in sight!

Vanquished Creatures
  A dart slug (D:2)
  A bat (D:1)
  2 endoplasms
  A giant cockroach (D:1)
  3 goblins (D:1)
  2 hobgoblins (D:1)
  8 jackals (D:1)
  2 quokkas
  2 ball pythons
  3 frilled lizards
  3 kobolds
  3 rats
31 creatures vanquished.

Notes
Turn   | Place    | Note
-------+----------+-------------------------------------------
     0 | D:1      | cforsyth the Barachi Fighter began the quest for the Orb.
     0 | D:1      | Reached XP level 1. HP: 18/18 MP: 1/1
   314 | D:1      | Reached XP level 2. HP: 25/25 MP: 2/2
   477 | D:1      | Reached XP level 3. HP: 30/30 MP: 3/3
   588 | D:1      | Found a faded altar of an unknown god.
   733 | D:2      | Found a bloodstained altar of Trog.
   781 | D:2      | Succumbed to a kobold's poison

Illustrated notes

Levels and vault maps discovered:
D:1:      dpeg_arrival_renting, layout_loops_ring, ebering_ecumenical_altar_box,
          minmay_close_crescents
D:2:      layout_loops_cross, basic_altar, minmay_goblin_kobold_house

Skill      XL: |  1  2 |
---------------+-------+-----
Armour         | 4 |  4.1
Fighting       | 4 |  4.1
Axes           | |  2.7
Shields        | |  3.7

Action                     || total
---------------------------++-------
  Melee: War axe           ||    72
 Armour: Scale mail        ||    50
  Dodge: Dodged            ||    26
  Block: Buckler           ||    17

Table legend: (Time is in decaauts)
 A = Elapsed time spent in this place.
 B = Non-inter-level travel time spent in this place.
 C = Inter-level travel time spent in this place.
 D = Time resting spent in this place.
 E = Time spent auto-exploring this place.
 F = Levels seen in this place.
 G = Mean time per level.
                   A        B        C        D        E       F      G
               +--------+--------+--------+--------+--------+-----+--------+
         Total |    934 |    917 |     17 |      0 |    736 |   2 |  467.0 |
       Dungeon |    934 |    917 |     17 |      0 |    736 |   2 |  467.0 |
               +--------+--------+--------+--------+--------+-----+--------+

Top non-repeatable levels by time:
     D:1: 875 daAuts
     D:2: 58 daAuts
